 Dungeon Crawl Stone Soup version 0.16.1-11-g651b585 (webtiles) character file.

2163 KarvaRausku the Fighter (level 9, 0/83 HPs)
             Began as a Hill Orc Fighter on Apr 6, 2015.
             Was a Follower of Beogh.
             Shot with a bolt by an orc warrior (21 damage)
             ... in a bailey.
             The game lasted 00:20:16 (7024 turns).

KarvaRausku the Fighter (Hill Orc Fighter)          Turns: 7024, Time: 00:20:16

Health: 0/83       AC: 12    Str: 22    XL:     9   Next: 32%
Magic:  9/9        EV:  9    Int:  8    God:    Beogh [*.....]
Gold:   491        SH: 13    Dex: 10    Spells: 0 memorised, 8 levels left

rFire  + . .     SeeInvis .     m - +1 flail (protect)
rCold  . . .     Clarity  .     x - +2 leather armour "Witits" {rElec}
rNeg   + . .     SustAb   .     H - +2 shield
rPois  .         Gourm    .     (no helmet)
rElec  +         Spirit   .     (no cloak)
rCorr  .         Warding  .     (no gloves)
rMut   .         Stasis   .     o - +0 pair of boots
MR     .....                    (no amulet)
Stlth  +.........               l - ring of positive energy
                                f - ring of protection from fire

@: not resistant to hostile enchantments, very unstealthy
A: no striking features
a: Renounce Religion


You were in a bailey.
You worshipped Beogh.
Beogh was aware of your devotion.
You were not hungry.

You visited 1 branch of the dungeon, and saw 7 of its levels.
You also visited: Bailey.

You collected 491 gold pieces.

Inventory:

Hand weapons
 a - a +0 flail
 m - a +1 flail of protection (weapon)
 F - a +0 giant spiked club
 G - a +1 whip of venom
 L - a +3 flail of protection
Missiles
 i - 3 javelins of penetration (quivered)
 K - 2 throwing nets
Armour
 b - a +0 scale mail
 c - a +0 shield
 o - a +0 pair of boots (worn)
 u - a cursed -1 ring mail
 x - the +2 leather armour "Witits" (worn) {rElec}
   (You found it on level 4 of the Dungeon)

   It insulates you from electricity.
 B - a +0 pair of boots
 H - a +2 shield (worn)
 Q - a +1 chain mail of positive energy
Jewellery
 f - a ring of protection from fire (left hand)
 l - a ring of positive energy (right hand)
Magical devices
 P - a wand of paralysis (12)
Scrolls
 j - 4 scrolls of identify {unknown}
 p - 5 scrolls of teleportation {unknown}
 t - 2 scrolls of magic mapping {unknown}
 w - a scroll of amnesia {unknown}
 y - 2 scrolls of remove curse {unknown}
 E - a scroll of fog {unknown}
 J - 2 scrolls of noise {unknown}
 M - 2 scrolls of blinking {unknown}
 O - a scroll of random uselessness {unknown}
 R - a scroll of acquirement {unknown}
Potions
 e - a potion of might
 k - a potion of flight
 q - 3 potions of heal wounds {unknown}
 r - a potion of curing {unknown}
 s - a potion of cancellation {unknown}
 v - a potion of poison
 z - a potion of magic {unknown}
 A - a potion of berserk rage
 C - 2 potions of haste {unknown}
 D - a potion of ambrosia {unknown}
 I - a potion of restore abilities {unknown}
 S - a potion of agility {unknown}
 U - a potion of invisibility {unknown}
Miscellaneous
 T - a phantom mirror
Comestibles
 d - a meat ration
 g - 3 slices of pizza
 h - 8 bread rations
 n - a beef jerky
 N - a royal jelly


   Skills:
 * Level 9.1 Fighting
 * Level 8.0 Maces & Flails
 + Level 6.2 Armour
 + Level 6.2 Shields


You had 8 spell levels left.
You didn't know any spells.

Dungeon Overview and Level Annotations

Branches:
Dungeon (7/15)             Temple (0/1) D:6

Altars:
Cheibriados
Elyvilon
Makhleb


Message History

There is an open door here.
You see here 3 bolts.
The orc knight hits you but does no damage.
You see here a bolt.
You block the orc warrior's attack.
The orc knight hits you from afar with a halberd!! x2
You block the orc knight's attack.
The orc warrior shoots a bolt.
The bolt hits you but does no damage.
You see here 2 bolts.
The orc knight hits you but does no damage.
The orc knight hits you but does no damage.
The orc knight roars a battlecry!
The orc warriors go into a battle-frenzy!
The orc warrior shoots a bolt.
The bolt hits you!!
* * * LOW HITPOINT WARNING * * *
You see here a bolt.
The orc warrior shouts! x2
The orc shouts!
The orc warrior shoots a bolt.
The bolt hits you!!
You die...

### ### # #
##∩###########.##
...##.∩.##.(...##...#
≈≈≈..#.(.#((≈≈≈..#...#
≈≈o≈≈.(.....≈≈o≈≈.#...#
ooo≈....(..≈ooo≈.(..(#
≈o≈≈.......≈≈o≈≈(#))(#
≈≈≈..#..@#(.≈≈≈..#)..#
...##...##..(..##...#
### ##∩###########.##
### ###


You could see 2 orc knights, 5 orc warriors and 2 orcs.

Vanquished Creatures
  Pikel (D:3)
  2 ice beasts (D:5)
  3 ogres
  A slave (D:3)
  A centaur (D:5)
  2 giant frogs (D:6)
  A water moccasin skeleton (D:5)
  2 hounds
  A giant frog skeleton (D:5)
  5 gnoll shamans
  An orc priest (D:5)
  A jelly (D:5)
  2 iguanas
  An orc wizard (D:5)
  A worker ant (D:5)
  36 gnolls
  7 adders
  A giant mite (D:2)
  4 worms (D:2)
  3 giant geckos
  An ooze (D:2)
  19 orcs
  2 bat zombies
  A giant cockroach (D:5)
  18 goblins
  16 hobgoblins
  22 jackals
  A quokka (D:3)
  A ball python (D:5)
  18 bats
  A giant gecko skeleton (D:6)
  8 giant newts
  A jackal zombie (D:5)
  8 kobolds
  A quokka skeleton (D:6)
  10 rats
204 creatures vanquished.

Vanquished Creatures (others)
  A gnoll (D:4)
  4 orcs (D:4)
5 creatures vanquished.

Grand Total: 209 creatures vanquished

Notes
Turn   | Place    | Note
--------------------------------------------------------------
     0 | D:1      | KarvaRausku, the Hill Orc Fighter, began the quest for the Orb.
     0 | D:1      | Reached XP level 1. HP: 19/19 MP: 1/1
    59 | D:1      | Reached XP level 2. HP: 24/27 MP: 2/2
   102 | D:1      | Found a snail-covered altar of Cheibriados.
   153 | D:1      | Reached skill level 4 in Fighting
   445 | D:2      | Reached XP level 3. HP: 25/33 MP: 3/3
   788 | D:2      | Reached XP level 4. HP: 40/40 MP: 4/4
   923 | D:2      | Found a burning altar of Makhleb.
   923 | D:2      | Noticed a cacodemon
   926 | D:2      | Noticed a neqoxec
   926 | D:2      | Noticed a smoke demon
  1162 | D:3      | You fall through a shaft!
  1179 | D:4      | Got a dazzling leather armour
  1196 | D:4      | Identified the +2 leather armour "Witits" {rElec} (You found it on level 4 of the Dungeon)
  1205 | D:4      | Noticed an ogre
  1215 | D:4      | Killed an ogre
  1215 | D:4      | Reached skill level 5 in Fighting
  1215 | D:4      | Reached XP level 5. HP: 25/48 MP: 5/5
  1296 | D:4      | Found a white marble altar of Elyvilon.
  1585 | D:4      | Reached XP level 6. HP: 56/56 MP: 6/6
  1625 | D:4      | Noticed an ogre
  1647 | D:4      | Killed an ogre
  2084 | D:4      | Noticed a slave
  2085 | D:4      | Noticed a slave
  2086 | D:4      | Noticed a slave
  2086 | D:4      | Noticed Pikel
  2087 | D:4      | Noticed a slave
  2901 | D:4      | Reached XP level 7. HP: 38/62 MP: 7/7
  2956 | D:4      | Reached skill level 5 in Maces & Flails
  3004 | D:3      | Killed a slave
  3225 | D:3      | Killed Pikel
  3225 | D:3      | Reached skill level 7 in Fighting
  3225 | D:3      | Reached skill level 5 in Armour
  3225 | D:3      | Reached skill level 5 in Shields
  3225 | D:3      | Reached XP level 8. HP: 61/73 MP: 8/8
  3871 | D:5      | Entered Level 5 of the Dungeon
  4198 | D:4      | Became a worshipper of Beogh the Brigand
  4508 | D:5      | Reached skill level 8 in Fighting
  4771 | D:5      | Reached XP level 9. HP: 54/82 MP: 9/9
  5409 | D:5      | Acquired Beogh's first power
  5644 | D:6      | Reached skill level 9 in Fighting
  6198 | D:6      | Found a staircase to the Ecumenical Temple.
  6309 | D:7      | Found a flagged portal.
  6325 | Bailey   | Entered a bailey
  6325 | Bailey   | Noticed an orc knight
  6325 | Bailey   | Noticed an orc knight
  6327 | Bailey   | Noticed an orc knight
  6337 | Bailey   | HP: 4/83 [orc knight/halberd (3)]
  7024 | Bailey   | Shot with a bolt by an orc warrior

Action                   |  1- 3 |  4- 6 |  7- 9 || total
-------------------------+-------+-------+-------++-------
Melee: Flail             |   136 |   215 |   457 ||   808
Invok: Convert to Beogh  |       |       |     1 ||     1
  Use: Potion            |       |       |     2 ||     2
  Eat: Chunk             |       |     5 |    10 ||    15
       Beef jerky        |       |       |     2 ||     2
       Meat ration       |       |       |     1 ||     1
